2933 views
Uploaded 2020-03-29 20:15:26
Game version 1.32.3
33:51 long 4on4 ladder game on (8)Battleground_LV
Saved by Teelo
2933 views
Uploaded 2020-03-29 20:15:26
Game version 1.32.3
33:51 long 4on4 ladder game on (8)Battleground_LV


238 units @ 36.5k
/ 6.4k
135 buildings @ 13.7k
/ 6.8k

| Scroll of Regeneration | 5 | 500 |
| Lesser Clarity Potion | 4 | 280 |
| Orb of Fire | 1 | 325 |
| Scroll of Town Portal | 4 | 1400 |
| total: | 14 | 2505g |
| Peasant | 9 | 675 | / | 0 |
| Footman | 11 | 1485 | / | 0 |
| Rifleman | 6 | 1230 | / | 180 |
| Siege Engine | 5 | 975 | / | 300 |
| Forest Troll Berserker | 1 | 245 | / | 30 |
| Forest Troll Shadow Priest | 1 | 195 | / | 10 |
| total: | 33 | 4805g | / | 520w |
| Scout Tower | 3 | 90 | / | 60 |
| Arcane Tower | 2 | 140 | / | 100 |
| Altar of Kings | 2 | 360 | / | 100 |
| Farm | 8 | 640 | / | 160 |
| Arcane Vault | 1 | 130 | / | 30 |
| Barracks | 1 | 160 | / | 60 |
| Blacksmith | 1 | 140 | / | 60 |
| Town Hall | 1 | 385 | / | 205 |
| Workshop | 4 | 560 | / | 560 |
| Keep | 1 | 320 | / | 210 |
| Castle | 1 | 360 | / | 210 |
| total: | 21 | 2465g | / | 1235w |
| 0:02 | Altar of Kings |
| 0:07 | Peasant |
| 0:07 | Peasant |
| 0:16 | Farm |
| 0:49 | Peasant |
| 1:04 | Peasant |
| 1:14 | Arcane Vault |
| 1:31 | Blizzard |
| 1:42 | Peasant |
| 2:16 | Barracks |
| 2:29 | Peasant |
| 2:30 | Peasant |
| 2:35 | Farm |
| 2:44 | Scroll of Regeneration |
| 2:44 | Lesser Clarity Potion |
| 3:10 | Scout Tower |
| 3:29 | Footman |
| 3:29 | Footman |
| 3:29 | Footman |
| 3:29 | Footman |
| 3:29 | Footman |
| 4:31 | Footman |
| 4:31 | Defend |
| 4:37 | Farm |
| 4:39 | Arcane Tower |
| 4:42 | Farm |
| 4:57 | Scroll of Regeneration |
| 4:57 | Lesser Clarity Potion |
| 5:34 | Farm |
| 5:35 | Footman |
| 6:03 | Keep |
| 6:15 | Scroll of Regeneration |
| 6:16 | Lesser Clarity Potion |
| 6:49 | Forest Troll Berserker |
| 7:59 | Brilliance Aura |
| 8:38 | Footman |
| 8:38 | Footman |
| 8:38 | Footman |
| 8:56 | Footman |
| 8:58 | Castle |
| 9:05 | Scroll of Regeneration |
| 9:06 | Lesser Clarity Potion |
| 9:25 | Blacksmith |
| 10:56 | Blizzard |
| 11:34 | Workshop |
| 11:38 | Workshop |
| 11:40 | Rifleman |
| 11:41 | Rifleman |
| 11:41 | Rifleman |
| 11:41 | Rifleman |
| 11:42 | Rifleman |
| 11:42 | Rifleman |
| 11:49 | Farm |
| 12:37 | Black Gunpowder |
| 13:36 | Orb of Fire |
| 13:37 | Scroll of Town Portal |
| 13:37 | Scroll of Town Portal |
| 13:38 | Scroll of Regeneration |
| 14:31 | Scout Tower |
| 15:04 | Brilliance Aura |
| 15:32 | Siege Engine |
| 15:32 | Siege Engine |
| 15:32 | Siege Engine |
| 15:36 | Arcane Tower |
| 15:41 | Workshop |
| 15:47 | Workshop |
| 16:23 | Barrage |
| 16:41 | Siege Engine |
| 16:42 | Siege Engine |
| 16:45 | Farm |
| 16:54 | Scout Tower |
| 17:00 | Forest Troll Shadow Priest |
| 18:09 | Farm |
| 18:16 | Scroll of Town Portal |
| 18:28 | Scroll of Town Portal |
| 19:44 | Peasant |
| 19:44 | Peasant |
| 21:06 | Altar of Kings |
| 22:14 | Town Hall |
| Right click | 618 |
| Select | 288 |
| Build/train/purchase | 69 |
| Use ability | 34 |
| Chat | 24 |
| Minimap ping | 2 |
| Remove unit | 1 |


x1)
| Lesser Clarity Potion | 5 | 350 |
| Scroll of Regeneration | 6 | 600 |
| Potion of Healing | 2 | 300 |
| Potion of Mana | 2 | 400 |
| Staff of Sanctuary | 2 | 500 |
| Scroll of Town Portal | 2 | 700 |
| Tome of Retraining | 1 | 300 |
| Boots of Speed | 2 | 500 |
| total: | 22 | 3650g |
| Peasant | 29 | 2175 | / | 0 |
| Footman | 10 | 1350 | / | 0 |
| Knight | 5 | 1225 | / | 300 |
| Gryphon Rider | 7 | 1960 | / | 490 |
| Flying Machine | 7 | 700 | / | 210 |
| total: | 58 | 7410g | / | 1000w |
| Scout Tower | 22 | 660 | / | 440 |
| Arcane Tower | 5 | 350 | / | 250 |
| Guard Tower | 7 | 490 | / | 350 |
| Barracks | 3 | 480 | / | 180 |
| Altar of Kings | 1 | 180 | / | 50 |
| Farm | 22 | 1760 | / | 440 |
| Arcane Vault | 1 | 130 | / | 30 |
| Town Hall | 1 | 385 | / | 205 |
| Lumber Mill | 1 | 120 | / | 0 |
| Blacksmith | 2 | 280 | / | 120 |
| Cannon Tower | 4 | 480 | / | 400 |
| Workshop | 10 | 1400 | / | 1400 |
| Gryphon Aviary | 3 | 420 | / | 450 |
| Keep | 2 | 640 | / | 420 |
| Castle | 3 | 1080 | / | 630 |
| total: | 66 | 5815g | / | 3315w |
| 0:06 | Peasant |
| 0:06 | Peasant |
| 0:06 | Peasant |
| 0:30 | Barracks |
| 0:42 | Altar of Kings |
| 0:52 | Farm |
| 0:58 | Peasant |
| 0:58 | Peasant |
| 1:12 | Peasant |
| 1:20 | Farm |
| 1:28 | Peasant |
| 1:35 | Scout Tower |
| 1:40 | Footman |
| 1:57 | Footman |
| 2:02 | Farm |
| 2:08 | Arcane Tower |
| 2:27 | Peasant |
| 2:29 | Footman |
| 2:44 | Summon Water Elemental |
| 2:47 | Arcane Vault |
| 2:58 | Footman |
| 3:42 | Footman |
| 3:57 | Peasant |
| 3:58 | Peasant |
| 4:00 | Farm |
| 4:21 | Brilliance Aura |
| 4:58 | Town Hall |
| 5:23 | Summon Water Elemental |
| 5:32 | Peasant |
| 5:33 | Peasant |
| 5:38 | Lesser Clarity Potion |
| 5:40 | Scroll of Regeneration |
| 5:47 | Peasant |
| 5:47 | Peasant |
| 5:51 | Lumber Mill |
| 5:58 | Peasant |
| 5:58 | Peasant |
| 6:27 | Peasant |
| 6:30 | Peasant |
| 6:30 | Peasant |
| 6:31 | Scout Tower |
| 6:32 | Scout Tower |
| 6:32 | Scout Tower |
| 6:32 | Scout Tower |
| 6:44 | Lesser Clarity Potion |
| 6:46 | Scroll of Regeneration |
| 6:49 | Peasant |
| 6:49 | Peasant |
| 6:50 | Defend |
| 7:27 | Keep |
| 7:36 | Barracks |
| 7:47 | Farm |
| 7:47 | Farm |
| 7:49 | Scout Tower |
| 7:50 | Scout Tower |
| 7:50 | Scout Tower |
| 7:51 | Scout Tower |
| 7:51 | Scout Tower |
| 7:57 | Tome of Retraining |
| 7:57 | Retrain Hero |
| 8:00 | Blizzard |
| 8:00 | Blizzard |
| 8:00 | Brilliance Aura |
| 8:07 | Footman |
| 8:12 | Arcane Tower |
| 8:39 | Peasant |
| 8:39 | Peasant |
| 8:39 | Peasant |
| 8:39 | Peasant |
| 8:53 | Guard Tower |
| 9:05 | Farm |
| 9:05 | Farm |
| 9:09 | Guard Tower |
| 9:15 | Arcane Tower |
| 9:36 | Guard Tower |
| 10:02 | Castle |
| 10:06 | Improved Lumber Harvesting |
| 10:07 | Farm |
| 10:08 | Farm |
| 10:08 | Farm |
| 10:12 | Peasant |
| 10:13 | Peasant |
| 10:24 | Castle |
| 10:26 | Blacksmith |
| 10:30 | Blacksmith |
| 10:40 | Lesser Clarity Potion |
| 10:41 | Potion of Healing |
| 10:53 | Footman |
| 10:53 | Footman |
| 11:41 | Workshop |
| 11:41 | Workshop |
| 11:47 | Scroll of Regeneration |
| 11:51 | Footman |
| 11:54 | Workshop |
| 11:56 | Workshop |
| 12:03 | Scroll of Town Portal |
| 12:15 | Footman |
| 12:25 | Brilliance Aura |
| 12:55 | Potion of Healing |
| 12:58 | Potion of Mana |
| 13:46 | Holy Light |
| 14:04 | Knight |
| 14:04 | Knight |
| 14:12 | Barracks |
| 14:54 | Knight |
| 15:16 | Peasant |
| 15:23 | Staff of Sanctuary |
| 15:25 | Divine Shield |
| 15:27 | Blizzard |
| 15:32 | Animal War Training |
| 15:32 | Knight |
| 15:39 | Iron Forged Swords |
| 15:54 | Gryphon Aviary |
| 16:09 | Farm |
| 16:09 | Farm |
| 16:10 | Farm |
| 16:10 | Farm |
| 16:18 | Sundering Blades |
| 16:22 | Advanced Lumber Harvesting |
| 16:39 | Gryphon Aviary |
| 16:41 | Peasant |
| 16:44 | Farm |
| 16:54 | Farm |
| 17:23 | Gryphon Aviary |
| 17:29 | Iron Plating |
| 18:03 | Holy Light |
| 18:17 | Scout Tower |
| 18:17 | Scout Tower |
| 18:19 | Scout Tower |
| 18:20 | Workshop |
| 18:23 | Scout Tower |
| 18:23 | Scout Tower |
| 18:25 | Scout Tower |
| 18:41 | Mass Teleport |
| 18:41 | Mass Teleport |
| 18:41 | Mass Teleport |
| 18:42 | Mass Teleport |
| 18:42 | Mass Teleport |
| 18:56 | Knight |
| 19:45 | Steel Plating |
| 19:45 | Steel Forged Swords |
| 20:24 | Cannon Tower |
| 20:25 | Cannon Tower |
| 20:42 | Scroll of Regeneration |
| 20:46 | Staff of Sanctuary |
| 20:47 | Lesser Clarity Potion |
| 20:55 | Gryphon Rider |
| 20:55 | Gryphon Rider |
| 20:56 | Farm |
| 20:57 | Farm |
| 20:58 | Farm |
| 21:03 | Cannon Tower |
| 21:13 | Scroll of Town Portal |
| 21:20 | Farm |
| 21:45 | Boots of Speed |
| 22:08 | Storm Hammers |
| 22:16 | Scout Tower |
| 22:20 | Improved Masonry |
| 22:30 | Gryphon Rider |
| 22:30 | Gryphon Rider |
| 23:20 | Potion of Mana |
| 23:30 | Devotion Aura |
| 23:49 | Gryphon Rider |
| 24:25 | Gryphon Rider |
| 24:27 | Brilliance Aura |
| 24:34 | Scroll of Regeneration |
| 24:41 | Scout Tower |
| 24:41 | Scout Tower |
| 24:43 | Scout Tower |
| 24:43 | Scout Tower |
| 24:44 | Scout Tower |
| 24:45 | Farm |
| 26:01 | Gryphon Rider |
| 26:36 | Guard Tower |
| 26:46 | Workshop |
| 26:47 | Workshop |
| 26:55 | Boots of Speed |
| 27:19 | Workshop |
| 27:21 | Workshop |
| 27:28 | Workshop |
| 27:29 | Flying Machine Bombs |
| 27:30 | Flak Cannons |
| 29:16 | Flying Machine |
| 29:16 | Flying Machine |
| 29:16 | Flying Machine |
| 29:16 | Flying Machine |
| 31:18 | Holy Light |
| 31:19 | Devotion Aura |
| 31:25 | Flying Machine |
| 31:25 | Flying Machine |
| 31:25 | Flying Machine |
| 31:41 | Summon Water Elemental |
| 33:26 | Scroll of Regeneration |
| 33:29 | Lesser Clarity Potion |
| Right click | 2876 |
| Select | 1577 |
| Select group | 1028 |
| Build/train/purchase | 232 |
| Use ability | 105 |
| Misc. action | 73 |
| Assign group | 64 |
| Esc | 9 |
| Minimap ping | 2 |
| Item give/drop | 1 |



x1)
| Scroll of Regeneration | 1 | 100 |
| Orb of Fire | 1 | 325 |
| Scroll of Healing | 1 | 250 |
| Scroll of Town Portal | 3 | 1050 |
| Tome of Retraining | 1 | 300 |
| Boots of Speed | 1 | 250 |
| total: | 8 | 2275g |
| Peasant | 14 | 1050 | / | 0 |
| Rifleman | 18 | 3690 | / | 540 |
| Priest | 9 | 1215 | / | 90 |
| Mortar Team | 11 | 1980 | / | 770 |
| Sorceress | 5 | 775 | / | 100 |
| Gryphon Rider | 5 | 1400 | / | 350 |
| Flying Machine | 2 | 200 | / | 60 |
| Dragonhawk Rider | 3 | 600 | / | 90 |
| total: | 67 | 10910g | / | 2000w |
| Barracks | 2 | 320 | / | 120 |
| Altar of Kings | 1 | 180 | / | 50 |
| Blacksmith | 1 | 140 | / | 60 |
| Farm | 13 | 1040 | / | 260 |
| Arcane Vault | 1 | 130 | / | 30 |
| Town Hall | 1 | 385 | / | 205 |
| Lumber Mill | 2 | 240 | / | 0 |
| Arcane Sanctum | 1 | 150 | / | 140 |
| Workshop | 1 | 140 | / | 140 |
| Gryphon Aviary | 3 | 420 | / | 450 |
| Keep | 1 | 320 | / | 210 |
| Castle | 1 | 360 | / | 210 |
| total: | 26 | 3145g | / | 1455w |
| 0:06 | Peasant |
| 0:14 | Peasant |
| 0:32 | Peasant |
| 0:42 | Barracks |
| 0:45 | Altar of Kings |
| 0:47 | Blacksmith |
| 0:49 | Farm |
| 1:01 | Peasant |
| 1:17 | Peasant |
| 1:31 | Farm |
| 1:37 | Peasant |
| 2:08 | Rifleman |
| 2:24 | Peasant |
| 2:25 | Peasant |
| 2:27 | Rifleman |
| 2:37 | Farm |
| 2:42 | Peasant |
| 2:46 | Summon Water Elemental |
| 3:16 | Rifleman |
| 3:35 | Keep |
| 4:01 | Rifleman |
| 4:04 | Brilliance Aura |
| 4:35 | Farm |
| 5:10 | Black Gunpowder |
| 5:10 | Studded Leather Armor |
| 5:15 | Arcane Vault |
| 5:31 | Rifleman |
| 5:32 | Rifleman |
| 5:49 | Town Hall |
| 6:01 | Arcane Sanctum |
| 6:07 | Long Rifles |
| 6:24 | Scroll of Regeneration |
| 6:44 | Workshop |
| 6:51 | Farm |
| 6:59 | Lumber Mill |
| 7:29 | Blizzard |
| 7:46 | Farm |
| 7:48 | Rifleman |
| 7:50 | Priest |
| 7:50 | Priest Adept Training |
| 8:48 | Farm |
| 8:50 | Mortar Team |
| 8:51 | Castle |
| 8:59 | Brilliance Aura |
| 9:14 | Peasant |
| 9:14 | Peasant |
| 9:14 | Peasant |
| 9:16 | Rifleman |
| 9:28 | Priest |
| 9:35 | Improved Lumber Harvesting |
| 10:24 | Rifleman |
| 10:26 | Mortar Team |
| 10:27 | Priest |
| 10:27 | Priest |
| 10:29 | Sorceress Adept Training |
| 10:30 | Sorceress |
| 10:34 | Refined Gunpowder |
| 11:10 | Scroll of Healing |
| 11:12 | Tome of Retraining |
| 11:12 | Retrain Hero |
| 11:13 | Scroll of Town Portal |
| 11:21 | Blizzard |
| 11:21 | Blizzard |
| 11:22 | Brilliance Aura |
| 11:22 | Brilliance Aura |
| 11:31 | Boots of Speed |
| 11:34 | Rifleman |
| 11:35 | Mortar Team |
| 11:36 | Fragmentation Shards |
| 11:38 | Priest Master Training |
| 11:39 | Priest |
| 12:41 | Blizzard |
| 12:46 | Rifleman |
| 12:46 | Rifleman |
| 12:48 | Mortar Team |
| 12:48 | Mortar Team |
| 12:55 | Peasant |
| 12:55 | Peasant |
| 13:26 | Rifleman |
| 13:43 | Priest |
| 13:56 | Rifleman |
| 13:58 | Mortar Team |
| 14:00 | Sorceress |
| 14:01 | Sorceress Master Training |
| 14:22 | Mortar Team |
| 14:23 | Rifleman |
| 14:25 | Farm |
| 14:27 | Farm |
| 14:47 | Sorceress |
| 15:58 | Holy Light |
| 16:04 | Priest |
| 16:04 | Priest |
| 16:07 | Barracks |
| 17:18 | Rifleman |
| 17:19 | Rifleman |
| 17:22 | Farm |
| 17:22 | Farm |
| 17:41 | Priest |
| 18:00 | Devotion Aura |
| 18:22 | Mortar Team |
| 18:23 | Mortar Team |
| 18:24 | Rifleman |
| 18:26 | Imbued Gunpowder |
| 18:42 | Farm |
| 18:43 | Farm |
| 19:35 | Sorceress |
| 19:35 | Sorceress |
| 19:38 | Mortar Team |
| 19:47 | Storm Bolt |
| 20:30 | Scroll of Town Portal |
| 21:06 | Gryphon Aviary |
| 21:07 | Gryphon Aviary |
| 21:26 | Animal War Training |
| 22:13 | Gryphon Aviary |
| 22:16 | Gryphon Rider |
| 22:17 | Gryphon Rider |
| 22:53 | Lumber Mill |
| 24:11 | Mass Teleport |
| 24:14 | Gryphon Rider |
| 24:15 | Gryphon Rider |
| 24:40 | Scroll of Town Portal |
| 24:41 | Orb of Fire |
| 24:46 | Flying Machine |
| 24:47 | Mortar Team |
| 25:19 | Gryphon Rider |
| 26:32 | Dragonhawk Rider |
| 27:11 | Iron Forged Swords |
| 28:05 | Dragonhawk Rider |
| 28:06 | Dragonhawk Rider |
| 29:07 | Flying Machine |
| 29:08 | Flak Cannons |
| Right click | 1058 |
| Select | 607 |
| Build/train/purchase | 120 |
| Use ability | 52 |
| Misc. action | 11 |
| Remove unit | 5 |
| Item give/drop | 1 |
| Minimap ping | 1 |

| Lesser Clarity Potion | 5 | 350 |
| Scroll of Regeneration | 3 | 300 |
| Potion of Healing | 1 | 150 |
| Ivory Tower | 3 | 120 |
| Scroll of Town Portal | 3 | 1050 |
| total: | 15 | 1970g |
| Peasant | 11 | 825 | / | 0 |
| Footman | 3 | 405 | / | 0 |
| Rifleman | 12 | 2460 | / | 360 |
| Mortar Team | 14 | 2520 | / | 980 |
| Priest | 3 | 405 | / | 30 |
| Spell Breaker | 9 | 1935 | / | 270 |
| Knight | 13 | 3185 | / | 780 |
| Flying Machine | 14 | 1400 | / | 420 |
| Dragonhawk Rider | 1 | 200 | / | 30 |
| total: | 80 | 13335g | / | 2870w |
| Guard Tower | 1 | 70 | / | 50 |
| Altar of Kings | 1 | 180 | / | 50 |
| Farm | 14 | 1120 | / | 280 |
| Barracks | 1 | 160 | / | 60 |
| Arcane Vault | 1 | 130 | / | 30 |
| Lumber Mill | 2 | 240 | / | 0 |
| Blacksmith | 1 | 140 | / | 60 |
| Cannon Tower | 2 | 240 | / | 200 |
| Workshop | 1 | 140 | / | 140 |
| Arcane Sanctum | 1 | 150 | / | 140 |
| Keep | 1 | 320 | / | 210 |
| Castle | 1 | 360 | / | 210 |
| total: | 22 | 2260g | / | 760w |
| 0:05 | Peasant |
| 0:11 | Altar of Kings |
| 0:17 | Peasant |
| 0:29 | Farm |
| 0:35 | Peasant |
| 0:43 | Barracks |
| 0:47 | Peasant |
| 1:02 | Peasant |
| 1:30 | Farm |
| 1:32 | Peasant |
| 1:33 | Peasant |
| 1:41 | Arcane Vault |
| 1:46 | Footman |
| 1:46 | Footman |
| 1:59 | Farm |
| 2:00 | Farm |
| 2:10 | Lumber Mill |
| 2:21 | Summon Water Elemental |
| 2:41 | Footman |
| 3:06 | Keep |
| 3:42 | Blacksmith |
| 4:00 | Farm |
| 5:02 | Brilliance Aura |
| 5:46 | Workshop |
| 5:53 | Arcane Sanctum |
| 5:55 | Rifleman |
| 5:55 | Rifleman |
| 6:46 | Rifleman |
| 6:46 | Rifleman |
| 7:24 | Rifleman |
| 7:24 | Rifleman |
| 7:56 | Summon Water Elemental |
| 7:59 | Rifleman |
| 7:59 | Rifleman |
| 8:16 | Farm |
| 8:16 | Farm |
| 8:17 | Farm |
| 9:15 | Mortar Team |
| 9:15 | Mortar Team |
| 9:19 | Priest Adept Training |
| 9:19 | Priest |
| 9:19 | Priest |
| 9:27 | Castle |
| 9:30 | Long Rifles |
| 9:31 | Rifleman |
| 9:31 | Rifleman |
| 9:34 | Lesser Clarity Potion |
| 9:34 | Scroll of Regeneration |
| 10:13 | Scroll of Town Portal |
| 10:13 | Potion of Healing |
| 10:25 | Iron Forged Swords |
| 10:26 | Black Gunpowder |
| 11:01 | Mortar Team |
| 11:06 | Farm |
| 11:09 | Farm |
| 12:07 | Rifleman |
| 12:07 | Rifleman |
| 12:08 | Spell Breaker |
| 12:09 | Spell Breaker |
| 12:30 | Blizzard |
| 13:00 | Knight |
| 13:00 | Knight |
| 13:00 | Knight |
| 13:45 | Scroll of Town Portal |
| 13:46 | Scroll of Regeneration |
| 13:47 | Lesser Clarity Potion |
| 14:01 | Priest |
| 15:15 | Spell Breaker |
| 15:17 | Knight |
| 15:22 | Mortar Team |
| 15:22 | Mortar Team |
| 15:25 | Summon Water Elemental |
| 15:29 | Lesser Clarity Potion |
| 16:44 | Spell Breaker |
| 16:44 | Spell Breaker |
| 16:45 | Mortar Team |
| 16:48 | Knight |
| 16:49 | Knight |
| 17:58 | Mass Teleport |
| 18:21 | Knight |
| 18:21 | Knight |
| 18:58 | Scroll of Regeneration |
| 18:58 | Lesser Clarity Potion |
| 19:01 | Scroll of Town Portal |
| 19:55 | Knight |
| 19:55 | Knight |
| 20:01 | Spell Breaker |
| 20:33 | Knight |
| 20:55 | Spell Breaker |
| 21:01 | Mortar Team |
| 21:05 | Ivory Tower |
| 21:05 | Ivory Tower |
| 21:14 | Guard Tower |
| 21:33 | Cannon Tower |
| 21:39 | Mortar Team |
| 21:55 | Ivory Tower |
| 22:26 | Cannon Tower |
| 22:31 | Fragmentation Shards |
| 22:35 | Knight |
| 22:35 | Knight |
| 23:46 | Brilliance Aura |
| 24:04 | Farm |
| 24:07 | Farm |
| 24:08 | Farm |
| 25:05 | Mortar Team |
| 25:05 | Mortar Team |
| 25:11 | Lumber Mill |
| 25:12 | Peasant |
| 25:12 | Peasant |
| 25:12 | Peasant |
| 25:12 | Peasant |
| 25:16 | Farm |
| 25:21 | Spell Breaker |
| 25:22 | Spell Breaker |
| 25:27 | Steel Forged Swords |
| 25:47 | Brilliance Aura |
| 29:00 | Flying Machine |
| 29:00 | Flying Machine |
| 29:01 | Flying Machine |
| 29:14 | Flying Machine |
| 29:47 | Flying Machine |
| 29:47 | Flying Machine |
| 29:58 | Flying Machine |
| 30:21 | Lesser Clarity Potion |
| 30:41 | Flying Machine |
| 30:42 | Flying Machine |
| 31:33 | Flying Machine |
| 31:33 | Flying Machine |
| 31:50 | Mortar Team |
| 31:51 | Mortar Team |
| 31:51 | Mortar Team |
| 31:51 | Mortar Team |
| 32:00 | Dragonhawk Rider |
| 32:16 | Flying Machine |
| 32:16 | Flying Machine |
| 32:16 | Flying Machine |
| Right click | 1360 |
| Select | 467 |
| Build/train/purchase | 205 |
| Misc. action | 122 |
| Assign group | 110 |
| Select group | 100 |
| Use ability | 24 |
| Chat | 22 |
| Resource trade | 8 |
| Esc | 2 |
| Remove unit | 1 |
| Minimap ping | 1 |
222 units @ 30.8k
/ 5.4k
106 buildings @ 15.3k
/ 5.9k

| Scroll of Town Portal | 1 | 350 |
| total: | 1 | 350g |
| Wisp | 35 | 2100 | / | 0 |
| Archer | 8 | 1040 | / | 80 |
| Dryad | 20 | 2900 | / | 1200 |
| Druid of the Claw | 15 | 3825 | / | 1200 |
| total: | 78 | 9865g | / | 2480w |
| Ancient Protector | 9 | 1215 | / | 720 |
| Altar of Elders | 1 | 180 | / | 50 |
| Moon Well | 8 | 1440 | / | 320 |
| Ancient of War | 1 | 150 | / | 60 |
| Hunter's Hall | 1 | 210 | / | 100 |
| Tree of Life | 3 | 1020 | / | 555 |
| Ancient of Wonders | 1 | 90 | / | 30 |
| Ancient of Lore | 3 | 465 | / | 435 |
| Tree of Ages | 1 | 320 | / | 180 |
| Tree of Eternity | 1 | 330 | / | 200 |
| total: | 27 | 4770g | / | 2270w |
| 0:05 | Wisp |
| 0:09 | Altar of Elders |
| 0:17 | Wisp |
| 0:24 | Moon Well |
| 0:34 | Wisp |
| 0:47 | Wisp |
| 1:08 | Ancient of War |
| 1:21 | Wisp |
| 1:21 | Wisp |
| 1:30 | Moon Well |
| 1:34 | Wisp |
| 2:04 | Wisp |
| 2:08 | Archer |
| 2:13 | Evasion |
| 2:14 | Archer |
| 2:29 | Wisp |
| 2:35 | Archer |
| 2:40 | Wisp |
| 2:42 | Wisp |
| 3:10 | Archer |
| 3:12 | Tree of Ages |
| 3:24 | Moon Well |
| 3:37 | Archer |
| 3:51 | Hunter's Hall |
| 3:59 | Immolation |
| 5:20 | Tree of Life |
| 5:29 | Archer |
| 5:33 | Tree of Eternity |
| 5:35 | Ultravision |
| 5:36 | Strength of the Wild |
| 5:44 | Ancient of Lore |
| 5:53 | Ancient of Lore |
| 6:19 | Evasion |
| 6:56 | Improved Bows |
| 7:05 | Abolish Magic |
| 7:06 | Druid of the Claw Adept Training |
| 7:21 | Dryad |
| 7:36 | Wisp |
| 7:36 | Wisp |
| 7:37 | Wisp |
| 7:37 | Wisp |
| 8:18 | Immolation |
| 8:41 | Wisp |
| 8:44 | Wisp |
| 8:44 | Wisp |
| 8:44 | Wisp |
| 8:48 | Druid of the Claw Master Training |
| 8:49 | Druid of the Claw |
| 9:30 | Marksmanship |
| 9:34 | Mark of the Claw |
| 9:36 | Druid of the Claw |
| 9:44 | Wisp |
| 9:44 | Wisp |
| 9:44 | Wisp |
| 9:48 | Wisp |
| 9:49 | Wisp |
| 9:57 | Druid of the Claw |
| 10:04 | Moon Well |
| 10:10 | Moon Well |
| 10:25 | Dryad |
| 10:26 | Dryad |
| 10:48 | Ancient of Wonders |
| 10:52 | Druid of the Claw |
| 11:14 | Ancient of Lore |
| 12:07 | Dryad |
| 12:07 | Dryad |
| 12:09 | Improved Strength of the Wild |
| 13:00 | Evasion |
| 13:48 | Druid of the Claw |
| 13:49 | Dryad |
| 13:52 | Moon Well |
| 13:55 | Advanced Strength of the Wild |
| 13:55 | Well Spring |
| 14:06 | Wisp |
| 14:07 | Wisp |
| 14:12 | Ancient Protector |
| 14:18 | Ancient Protector |
| 14:21 | Ancient Protector |
| 16:12 | Dryad |
| 16:12 | Dryad |
| 16:28 | Archer |
| 16:29 | Archer |
| 16:31 | Druid of the Claw |
| 16:57 | Druid of the Claw |
| 17:10 | Tree of Life |
| 17:13 | Wisp |
| 17:14 | Wisp |
| 17:26 | Druid of the Claw |
| 17:31 | Ancient Protector |
| 18:31 | Druid of the Claw |
| 19:05 | Druid of the Claw |
| 19:37 | Wisp |
| 19:37 | Wisp |
| 19:37 | Wisp |
| 19:37 | Wisp |
| 19:38 | Wisp |
| 19:58 | Druid of the Claw |
| 20:35 | Druid of the Claw |
| 21:08 | Dryad |
| 21:18 | Scroll of Town Portal |
| 21:27 | Moon Well |
| 22:11 | Tree of Life |
| 22:19 | Ancient Protector |
| 22:21 | Ancient Protector |
| 22:30 | Moon Well |
| 23:05 | Metamorphosis |
| 24:14 | Druid of the Claw |
| 24:15 | Druid of the Claw |
| 24:37 | Dryad |
| 24:37 | Dryad |
| 24:44 | Dryad |
| 24:55 | Wisp |
| 24:56 | Wisp |
| 25:33 | Dryad |
| 26:01 | Dryad |
| 26:01 | Dryad |
| 27:07 | Dryad |
| 27:21 | Ancient Protector |
| 27:24 | Ancient Protector |
| 27:26 | Ancient Protector |
| 27:29 | Dryad |
| 27:38 | Immolation |
| 28:53 | Dryad |
| 28:54 | Dryad |
| 29:47 | Dryad |
| 30:01 | Reinforced Hides |
| 32:12 | Mana Burn |
| 32:26 | Druid of the Claw |
| 32:31 | Improved Reinforced Hides |
| Right click | 599 |
| Select | 453 |
| Build/train/purchase | 131 |
| Use ability | 21 |
| Remove unit | 3 |
| Item give/drop | 1 |


| Potion of Healing | 1 | 150 |
| total: | 1 | 150g |
| Wisp | 11 | 660 | / | 0 |
| Huntress | 24 | 4680 | / | 480 |
| Glaive Thrower | 10 | 2100 | / | 650 |
| Dryad | 6 | 870 | / | 360 |
| total: | 51 | 8310g | / | 1490w |
| Altar of Elders | 1 | 180 | / | 50 |
| Moon Well | 7 | 1260 | / | 280 |
| Hunter's Hall | 1 | 210 | / | 100 |
| Ancient of War | 2 | 300 | / | 120 |
| Ancient of Wonders | 1 | 90 | / | 30 |
| Tree of Life | 1 | 340 | / | 185 |
| Ancient of Lore | 2 | 310 | / | 290 |
| Tree of Ages | 2 | 640 | / | 360 |
| Tree of Eternity | 1 | 330 | / | 200 |
| total: | 15 | 2690g | / | 1055w |
| 0:05 | Wisp |
| 0:07 | Altar of Elders |
| 0:11 | Moon Well |
| 0:17 | Wisp |
| 0:24 | Wisp |
| 0:38 | Wisp |
| 0:47 | Wisp |
| 1:02 | Moon Well |
| 1:04 | Wisp |
| 1:30 | Hunter's Hall |
| 1:32 | Wisp |
| 1:32 | Wisp |
| 1:47 | Wisp |
| 2:00 | Ancient of War |
| 2:04 | Wisp |
| 2:19 | Wisp |
| 2:22 | Searing Arrows |
| 2:55 | Strength of the Moon |
| 3:05 | Huntress |
| 3:06 | Huntress |
| 3:36 | Huntress |
| 3:39 | Moon Armor |
| 4:03 | Huntress |
| 4:08 | Moon Well |
| 4:12 | Ancient of Wonders |
| 4:46 | Huntress |
| 4:51 | Ultravision |
| 5:00 | Moon Well |
| 5:06 | Huntress |
| 5:15 | Tree of Ages |
| 5:37 | Huntress |
| 5:47 | Trueshot Aura |
| 6:00 | Moon Well |
| 6:13 | Huntress |
| 6:58 | Huntress |
| 6:58 | Huntress |
| 7:39 | Huntress |
| 7:40 | Huntress |
| 7:41 | Improved Strength of the Moon |
| 8:19 | Trueshot Aura |
| 8:29 | Huntress |
| 8:29 | Huntress |
| 8:29 | Huntress |
| 9:20 | Huntress |
| 9:21 | Huntress |
| 9:23 | Improved Moon Armor |
| 10:26 | Moon Glaive |
| 10:35 | Moon Well |
| 11:07 | Tree of Eternity |
| 12:08 | Entangling Roots |
| 12:34 | Searing Arrows |
| 12:45 | Force of Nature |
| 13:15 | Huntress |
| 13:16 | Huntress |
| 13:16 | Huntress |
| 13:16 | Huntress |
| 13:16 | Huntress |
| 13:22 | Ancient of War |
| 14:16 | Huntress |
| 14:17 | Huntress |
| 15:02 | Trueshot Aura |
| 15:37 | Glaive Thrower |
| 15:37 | Glaive Thrower |
| 15:38 | Glaive Thrower |
| 15:49 | Advanced Strength of the Moon |
| 16:49 | Ancient of Lore |
| 16:55 | Ancient of Lore |
| 18:14 | Thorns Aura |
| 18:38 | Glaive Thrower |
| 18:39 | Glaive Thrower |
| 19:23 | Glaive Thrower |
| 20:00 | Moon Well |
| 20:49 | Thorns Aura |
| 20:52 | Starfall |
| 21:40 | Glaive Thrower |
| 21:41 | Glaive Thrower |
| 22:00 | Glaive Thrower |
| 22:04 | Thorns Aura |
| 22:51 | Well Spring |
| 23:52 | Glaive Thrower |
| 25:20 | Dryad |
| 25:21 | Dryad |
| 25:21 | Dryad |
| 25:21 | Dryad |
| 25:21 | Dryad |
| 25:21 | Dryad |
| 25:44 | Searing Arrows |
| 25:52 | Potion of Healing |
| 30:53 | Tree of Life |
| 31:20 | Tranquility |
| 31:34 | Scout |
| Right click | 838 |
| Select | 381 |
| Misc. action | 127 |
| Build/train/purchase | 86 |
| Select group | 49 |
| Assign group | 17 |
| Use ability | 14 |
| Remove unit | 11 |
| Chat | 7 |
| Minimap ping | 2 |

| Peasant | 15 | 1125 | / | 0 |
| Footman | 3 | 405 | / | 0 |
| Rifleman | 21 | 4305 | / | 630 |
| total: | 39 | 5835g | / | 630w |
| Scout Tower | 16 | 480 | / | 320 |
| Guard Tower | 7 | 490 | / | 350 |
| Altar of Kings | 3 | 540 | / | 150 |
| Barracks | 3 | 480 | / | 180 |
| Farm | 5 | 400 | / | 100 |
| Lumber Mill | 1 | 120 | / | 0 |
| Blacksmith | 1 | 140 | / | 60 |
| Keep | 1 | 320 | / | 210 |
| Castle | 1 | 360 | / | 210 |
| total: | 29 | 2160g | / | 810w |
| 0:03 | Peasant |
| 0:03 | Peasant |
| 0:04 | Peasant |
| 0:04 | Peasant |
| 0:04 | Peasant |
| 0:04 | Peasant |
| 0:22 | Altar of Kings |
| 0:38 | Barracks |
| 1:01 | Farm |
| 1:29 | Lumber Mill |
| 1:53 | Farm |
| 2:01 | Footman |
| 2:01 | Footman |
| 2:01 | Footman |
| 2:29 | Blacksmith |
| 2:38 | Scout Tower |
| 2:44 | Farm |
| 2:49 | Scout Tower |
| 3:22 | Thunder Clap |
| 3:45 | Guard Tower |
| 3:52 | Guard Tower |
| 5:31 | Rifleman |
| 5:31 | Rifleman |
| 5:31 | Rifleman |
| 5:31 | Rifleman |
| 5:38 | Keep |
| 6:36 | Rifleman |
| 6:36 | Rifleman |
| 6:36 | Rifleman |
| 6:59 | Scout Tower |
| 7:35 | Guard Tower |
| 7:38 | Scout Tower |
| 7:58 | Rifleman |
| 7:58 | Rifleman |
| 8:11 | Peasant |
| 8:22 | Barracks |
| 8:49 | Scout Tower |
| 9:36 | Barracks |
| 9:41 | Guard Tower |
| 9:43 | Peasant |
| 9:43 | Peasant |
| 9:43 | Peasant |
| 10:13 | Altar of Kings |
| 10:27 | Altar of Kings |
| 10:59 | Scout Tower |
| 11:05 | Scout Tower |
| 11:40 | Peasant |
| 11:41 | Peasant |
| 11:41 | Peasant |
| 11:41 | Peasant |
| 11:41 | Peasant |
| 12:16 | Guard Tower |
| 12:28 | Rifleman |
| 12:28 | Rifleman |
| 12:28 | Rifleman |
| 12:28 | Rifleman |
| 12:28 | Rifleman |
| 13:11 | Black Gunpowder |
| 13:14 | Studded Leather Armor |
| 13:23 | Farm |
| 14:11 | Scout Tower |
| 14:33 | Storm Bolt |
| 15:39 | Scout Tower |
| 15:41 | Guard Tower |
| 15:49 | Farm |
| 15:54 | Castle |
| 16:03 | Long Rifles |
| 16:04 | Rifleman |
| 16:05 | Rifleman |
| 16:05 | Rifleman |
| 16:26 | Guard Tower |
| 17:12 | Rifleman |
| 17:12 | Rifleman |
| 17:16 | Scout Tower |
| 17:29 | Rifleman |
| 17:29 | Rifleman |
| 17:36 | Scout Tower |
| 17:37 | Scout Tower |
| 17:39 | Scout Tower |
| 17:40 | Scout Tower |
| 17:48 | Scout Tower |
| 17:50 | Scout Tower |
| Select | 149 |
| Right click | 101 |
| Build/train/purchase | 56 |
| Chat | 7 |
| Use ability | 6 |
| Esc | 1 |

| Rod of Necromancy | 1 | 150 |
| Sacrificial Skull | 1 | 50 |
| Potion of Healing | 3 | 450 |
| Potion of Mana | 6 | 1200 |
| Orb of Corruption | 1 | 375 |
| Scroll of Town Portal | 2 | 700 |
| Staff of Teleportation | 1 | 150 |
| total: | 15 | 3075g |
| Acolyte | 27 | 2025 | / | 0 |
| Ghoul | 12 | 1440 | / | 0 |
| Obsidian Statue | 6 | 1200 | / | 210 |
| Abomination | 9 | 2160 | / | 630 |
| total: | 54 | 6825g | / | 840w |
| Nerubian Tower | 3 | 300 | / | 60 |
| Spirit Tower | 12 | 1740 | / | 480 |
| Altar of Darkness | 1 | 180 | / | 50 |
| Ziggurat | 24 | 3600 | / | 1200 |
| Crypt | 1 | 200 | / | 50 |
| Tomb of Relics | 1 | 130 | / | 30 |
| Graveyard | 1 | 215 | / | 0 |
| Necropolis | 4 | 900 | / | 0 |
| Slaughterhouse | 3 | 420 | / | 405 |
| Halls of the Dead | 2 | 640 | / | 420 |
| Black Citadel | 2 | 650 | / | 460 |
| total: | 35 | 5645g | / | 1735w |
| 0:03 | Acolyte |
| 0:04 | Acolyte |
| 0:08 | Altar of Darkness |
| 0:14 | Ziggurat |
| 0:36 | Crypt |
| 0:52 | Ziggurat |
| 1:07 | Nerubian Tower |
| 1:31 | Tomb of Relics |
| 1:42 | Ghoul |
| 1:42 | Ghoul |
| 1:53 | Nerubian Tower |
| 2:09 | Carrion Swarm |
| 2:22 | Ghoul |
| 2:22 | Ghoul |
| 2:51 | Graveyard |
| 2:58 | Rod of Necromancy |
| 3:20 | Sacrificial Skull |
| 3:52 | Halls of the Dead |
| 3:55 | Ziggurat |
| 3:58 | Vampiric Aura |
| 4:19 | Ziggurat |
| 4:28 | Unholy Strength |
| 4:34 | Ziggurat |
| 4:59 | Unholy Armor |
| 5:01 | Ghoul |
| 5:14 | Spirit Tower |
| 5:37 | Ghoul |
| 5:55 | Ghoul |
| 5:56 | Spirit Tower |
| 6:14 | Slaughterhouse |
| 6:22 | Cannibalize |
| 6:32 | Staff of Teleportation |
| 6:47 | Ghoul |
| 7:00 | Improved Unholy Armor |
| 7:00 | Advanced Unholy Armor |
| 7:30 | Vampiric Aura |
| 7:40 | Acolyte |
| 7:40 | Acolyte |
| 7:40 | Acolyte |
| 7:41 | Acolyte |
| 7:41 | Acolyte |
| 7:48 | Ghoul |
| 8:38 | Ziggurat |
| 8:41 | Ziggurat |
| 8:43 | Carrion Swarm |
| 9:08 | Ziggurat |
| 9:15 | Ziggurat |
| 9:30 | Spirit Tower |
| 9:40 | Spirit Tower |
| 10:01 | Spirit Tower |
| 10:07 | Spirit Tower |
| 10:18 | Black Citadel |
| 10:26 | Vampiric Aura |
| 10:46 | Slaughterhouse |
| 10:48 | Slaughterhouse |
| 11:19 | Ghoul |
| 11:34 | Improved Unholy Strength |
| 11:39 | Obsidian Statue |
| 12:42 | Abomination |
| 12:45 | Inferno |
| 13:39 | Abomination |
| 13:40 | Disease Cloud |
| 13:42 | Advanced Unholy Strength |
| 14:01 | Ghoul |
| 14:01 | Ghoul |
| 14:05 | Abomination |
| 15:05 | Potion of Healing |
| 15:05 | Potion of Mana |
| 15:09 | Abomination |
| 15:11 | Potion of Healing |
| 15:11 | Potion of Mana |
| 15:31 | Creature Carapace |
| 15:31 | Creature Attack |
| 16:27 | Orb of Corruption |
| 16:34 | Ziggurat |
| 16:45 | Acolyte |
| 16:45 | Acolyte |
| 16:45 | Acolyte |
| 16:45 | Acolyte |
| 16:45 | Acolyte |
| 17:16 | Necropolis |
| 18:21 | Abomination |
| 18:24 | Destroyer Form |
| 18:26 | Improved Creature Carapace |
| 18:54 | Carrion Swarm |
| 19:21 | Abomination |
| 19:44 | Sleep |
| 20:02 | Abomination |
| 20:03 | Abomination |
| 20:12 | Ziggurat |
| 20:13 | Ziggurat |
| 20:34 | Ziggurat |
| 20:36 | Ziggurat |
| 21:06 | Sleep |
| 21:11 | Spirit Tower |
| 21:52 | Spirit Tower |
| 21:57 | Improved Creature Attack |
| 21:58 | Advanced Creature Carapace |
| 22:38 | Scroll of Town Portal |
| 23:29 | Advanced Creature Attack |
| 23:33 | Acolyte |
| 23:33 | Acolyte |
| 23:33 | Acolyte |
| 23:44 | Sleep |
| 24:14 | Obsidian Statue |
| 24:29 | Potion of Mana |
| 24:31 | Potion of Mana |
| 24:43 | Acolyte |
| 24:53 | Spirit Tower |
| 25:26 | Necropolis |
| 25:31 | Obsidian Statue |
| 25:40 | Acolyte |
| 25:40 | Acolyte |
| 25:40 | Acolyte |
| 25:40 | Acolyte |
| 26:35 | Necropolis |
| 26:36 | Acolyte |
| 26:36 | Acolyte |
| 26:36 | Acolyte |
| 26:36 | Acolyte |
| 26:40 | Obsidian Statue |
| 27:39 | Abomination |
| 29:16 | Ziggurat |
| 29:17 | Ziggurat |
| 29:18 | Ziggurat |
| 29:18 | Ziggurat |
| 29:19 | Halls of the Dead |
| 29:29 | Potion of Mana |
| 29:29 | Potion of Mana |
| 29:31 | Scroll of Town Portal |
| 29:40 | Potion of Healing |
| 30:20 | Spirit Tower |
| 30:39 | Necropolis |
| 31:23 | Obsidian Statue |
| 33:18 | Black Citadel |
| 33:22 | Acolyte |
| 33:22 | Acolyte |
| 33:22 | Acolyte |
| 33:23 | Ziggurat |
| 33:23 | Ziggurat |
| 33:24 | Ziggurat |
| 33:25 | Ziggurat |
| 33:25 | Ziggurat |
| 33:25 | Ziggurat |
| 33:31 | Obsidian Statue |
| Select group | 723 |
| Right click | 585 |
| Chat | 313 |
| Select | 306 |
| Assign group | 276 |
| Build/train/purchase | 171 |
| Misc. action | 168 |
| Use ability | 91 |
| Esc | 10 |
| Item give/drop | 5 |
| Remove unit | 4 |
| Minimap ping | 3 |
⇛